cohdb
Replays
Latest Replays
All Replays
Popular Replays
Top Player Replays
Match Explorer
How It Works
Community
CoH3 Stats
Reddit
Sign in to upload your games and track your stats! →
Sign in with Steam
Match 42328755
Unlisted
Match 42328755
Overview
Messages
Build Orders
End
Selects Indian Artillery Battlegroup
Construct Section Command Post
Vickers Machine Gun Team
Dingo Light Scout Car
Infantry Section
Infantry Section
Construct Field Infirmary
Selects Towed ML 4.2-inch Heavy Mortar
Construct Platoon Command Post
Towed ML 4.2-inch Heavy Mortar
6-pounder Anti-tank Gun Team
Infantry Section
Selects Valour
mp5
Dawes
RhysDevilx
shor
marcelex
udeo
[HAN] tetezhu
blambarino
0
0
Comments
sign in to comment!
No comments posted yet!